 Dungeon Crawl Stone Soup version 0.31.0-9-g3a7656b989 (webtiles) character file.

Game seed: 9212978440719656341

140 qw the Skirmisher (level 5, 0/29 HPs)
             Began as a Deep Elf Hunter on Feb 2, 2024.
             Incinerated by a bombardier beetle (3 damage)
             ... with a burning spray
             ... on level 3 of the Dungeon.
             The game lasted 00:00:07 (1382 turns).

qw the Skirmisher (Deep Elf Hunter)                 Turns: 1382, Time: 00:00:07

Health: 0/29       AC:  9    Str: 10    XL:     5   Next: 2%
Magic:  7/7        EV: 11    Int: 14    God:
Gold:   156        SH:  0    Dex: 18    Spells: 4/4 levels left

rFire   . . .        a - +0 shortbow
rCold   . . .        (shield currently unavailable)
rNeg    . . .        i - +0 ring mail
rPois   .            (no helmet)
rElec   .            (no cloak)
rCorr   .            l - +2 pair of gloves {infuse}
SInv    .            h - +0 pair of boots
Will    .....        (no amulet)
Stlth   +            (no ring)
HPRegen 0.24/turn    (no ring)
MPRegen 0.10/turn

%: infuse magic (1 MP)
@: on fire, glowing
A: no striking features
a: no special abilities


You were on level 3 of the Dungeon.
You visited 1 branch of the dungeon, and saw 3 of its levels.

You collected 156 gold pieces.


   Skills:
 - Level 1.5 Fighting
 + Level 8.4 Ranged Weapons
 - Level 2.4 Dodging
 - Level 1.2 Stealth


You had 4 spell levels left.
You didn't know any spells.
Your spell library was empty.

Inventory:

Hand Weapons
 a - a +0 shortbow (weapon)
Armour
 h - a +0 pair of boots (worn)
 i - a +0 ring mail (worn)
 l - a +2 pair of gloves of infusion (worn)
Jewellery
 j - a ring of ice
Potions
 c - 2 potions of brilliance {unknown}
 e - a potion of resistance {unknown}
 g - a potion of heal wounds
 k - a potion of magic {unknown}
 m - a potion of degeneration {unknown}

Dungeon Overview and Level Annotations

Branches:
Dungeon (3/15)

Altars:


Message History

Found a scroll labelled BAGEDOETYW.
You shoot an arrow. The arrow hits the bombardier beetle.
The bombardier beetle is lightly wounded.
You shoot an arrow.
The arrow hits the bombardier beetle but does no damage.
The bombardier beetle is lightly wounded.
You shoot an arrow. The arrow hits the bombardier beetle.
The bombardier beetle is lightly wounded.
The bombardier beetle bites you but does no damage.
You shoot an arrow. The arrow hits the bombardier beetle.
The bombardier beetle is moderately wounded.
You shoot an arrow.
The arrow completely misses the bombardier beetle.
The bombardier beetle bites you.
You shoot an arrow. The arrow hits the bombardier beetle.
The bombardier beetle is heavily wounded.
The bombardier beetle barely misses you.
You shoot an arrow.
The arrow barely misses the bombardier beetle.
The bombardier beetle sprays incendiary fluid at you.
The burning spray hits you.
You are covered in liquid fire!
You shoot an arrow. The arrow hits the bombardier beetle.
The bombardier beetle is heavily wounded.
The liquid fire burns you!
You shoot an arrow. The arrow hits the bombardier beetle!
You kill the bombardier beetle!
The liquid fire burns you!
You have reached level 5!
You are on fire!
The liquid fire burns you!
You are on fire!
The liquid fire burns you!
You are on fire!
The liquid fire burns you!
You are on fire!
The liquid fire burns you!
You are on fire!
The liquid fire burns you!
You die...

### ####### #.. #
#....?. #.### . #......
#.#.. .# #...... #.#.#
.# #...... #.#.####.#
.......#####.#.#....#.#.
.....).@...............>
......?#####.....<#.
....... ###....# .######
#..#.# #....# #.....#
#.....# #.....# #.....#


There were no monsters in sight!

Vanquished Creatures
  A bombardier beetle (D:3)
  Jessica (D:2)
  3 adders
  A ribbon worm (D:2)
  3 dart slugs
  A ball python (D:1)
  6 bats
  6 endoplasms
  4 goblins
  3 hobgoblins
  3 jackals (D:1)
  A quokka (D:2)
  4 frilled lizards
  3 kobolds
  11 rats
51 creatures vanquished.

Notes
Turn   | Place    | Note
-------+----------+-------------------------------------------
     0 | D:1      | qw the Deep Elf Hunter began the quest for the Orb.
     0 | D:1      | Reached XP level 1. HP: 12/12 MP: 3/3
     0 | D:1      | 0 ||| qw: Version: 0.3-a-155-g5e7d8dd
     0 | D:1      | 0 ||| qw: Game counter: 1181
     0 | D:1      | 0 ||| qw: Melee chars always use a shield: true
     0 | D:1      | 0 ||| qw: God list: Okawaru
     0 | D:1      | 0 ||| qw: Allow faded altars: false
     0 | D:1      | 0 ||| qw: Do Orc after clearing Dungeon:15 true
     0 | D:1      | 0 ||| qw: Do second Lair branch before Depths: true
     0 | D:1      | 0 ||| qw: Lair rune preference: random
     0 | D:1      | 0 ||| qw: Goals: Normal
     0 | D:1      | 0 ||| PLANNING D:1-11
   100 | D:1      | Reached skill level 6 in Ranged Weapons
   100 | D:1      | Reached XP level 2. HP: 16/16 MP: 4/4
   460 | D:1      | Reached XP level 3. HP: 20/20 MP: 5/5
   725 | D:1      | 725 ||| UPGRADING to +0 pair of boots.
   730 | D:1      | 730 ||| UPGRADING to +0 ring mail.
   740 | D:1      | 740 ||| DROPPING +0 leather armour.
   741 | D:1      | 741 ||| UPGRADING to +2 pair of gloves of infusion.
   746 | D:1      | 746 ||| READING 2 scrolls labelled HANUULEYZA.
   746 | D:1      | 746 ||| IDENTIFYING fizzy blue potion
   747 | D:1      | 747 ||| READING scroll of identify.
   747 | D:1      | 747 ||| IDENTIFYING bubbling silvery potion
   748 | D:1      | 748 ||| READING scroll labelled QIZIAJ YLITOF.
   749 | D:1      | 749 ||| DROPPING scroll of butterflies.
   750 | D:1      | 750 ||| DROPPING potion of lignification.
   752 | D:1      | 752 ||| Stepping ~*~*~tactically~*~*~ (cloud).
   752 | D:1      | HP: 5/20 [poisoned by you (poison gas)]
   753 | D:1      | 753 ||| DRINKING potion of curing.
   753 | D:1      | 753 ||| (to cure poison)
   988 | D:2      | Reached skill level 7 in Ranged Weapons
  1156 | D:2      | Noticed Jessica
  1159 | D:2      | Killed Jessica
  1160 | D:2      | Reached XP level 4. HP: 25/25 MP: 6/6
  1336 | D:2      | 1336 ||| DROPPING ring of wizardry.
  1337 | D:2      | 1337 ||| DRINKING 2 purple potions.
  1338 | D:2      | 1338 ||| DRINKING potion of curing.
  1338 | D:2      | 1338 ||| (to cure confusion)
  1339 | D:2      | 1339 ||| DRINKING 2 white potions.
  1340 | D:2      | 1340 ||| DROPPING potion of ambrosia.
  1365 | D:3      | Reached skill level 8 in Ranged Weapons
  1378 | D:3      | Reached XP level 5. HP: 15/29 MP: 7/7
  1380 | D:3      | HP: 6/29 [burnt (3)]
  1382 | D:3      | Incinerated by a bombardier beetle

Levels and vault maps discovered:
D:1:      roderic_octagonal_star, layout_loops_cross
D:2:      layout_basic, minmay_rat_gold_closets, uniq_jessica
D:3:      layout_basic, serial_shops, nicolae_shop_behind_doors

Skill      XL: |  1  2  3  4 |
---------------+-------------+-----
Ranged Weapons | 6 7 8 |  8.4
Fighting       | |  1.5
Dodging        | |  2.4
Stealth        | |  1.2

Action                     |  1- 3 |  4- 6 || total
---------------------------+-------+-------++-------
   Fire: Shortbow          |   111 |    47 ||   158
    Use: Scroll            |     3 |       ||     3
         Potion            |     1 |     3 ||     4
 Armour: Leather armour    |    14 |       ||    14
         Ring mail         |     6 |    20 ||    26
  Dodge: Dodged            |    28 |    13 ||    41

Table legend:
 A = Non-vault XP
 B = Vault XP
 C = Vault XP percentage of total XP
 D = Non-vault monster count
 E = Vault monster count
 F = Vault count percentage of total count
                 A         B        C        D         E       F
            +---------+---------+-------+---------+---------+-------
      Total |     157 |      44 |  21.9 |      43 |       8 |  15.7
            +---------+---------+-------+---------+---------+-------
        D:1 |      43 |       0 |   0.0 |      25 |       0 |   0.0
        D:2 |      50 |      44 |  46.8 |      14 |       8 |  36.4
        D:3 |      64 |       0 |   0.0 |       4 |       0 |   0.0
            +---------+---------+-------+---------+---------+-------
